 Dungeon Crawl Stone Soup version 0.21-a0-85-ga0cb861 (webtiles) character file.

390 tidbits the Sneak (level 6, 4/41 HPs)
             Began as an Octopode Air Elementalist on June 25, 2017.
             Was an Initiate of Makhleb.
             Quit the game on level 5 of the Dungeon.
             The game lasted 00:15:56 (4411 turns).

tidbits the Sneak (Octopode Air Elementalist)       Turns: 4411, Time: 00:15:57

Health: 4/41       AC:  1    Str:  7    XL:     6   Next: 80%
Magic:  14/19      EV: 13    Int: 18    God:    Makhleb [......]
Gold:   161        SH:  0    Dex: 14    Spells: 4/10 levels left

rFire    . . .     SeeInvis .   a - +0 dagger
rCold    . . .     Gourm    .   (no shield)
rNeg     . . .     Faith    .   (helmet restricted)
rPois    .         Spirit   .   (no amulet)
rElec    .         Reflect  .   p - ring of magical power
rCorr    .         Harm     .   o - ring of flight
MR       .....                  (no ring)
Stlth    ++++......             (no ring)
HPRegen  0.13/turn              (no ring)
MPRegen  0.16/turn              (no ring)
                                (no ring)
                                (no ring)

@: lethally poisoned (4 -> -10), berserk cooldown, slowed, very slow
A: almost no armour, stealthy swim, amphibious, 8 rings, constrict 8, camouflage
1, gelatinous body 1
a: Renounce Religion, Evoke Flight


You were on level 5 of the Dungeon.
You worshipped Makhleb.
Makhleb was noncommittal.
You were very hungry.

You visited 1 branch of the dungeon, and saw 5 of its levels.

You collected 161 gold pieces.

Inventory:

Hand Weapons
 a - a +0 dagger (weapon)
Missiles
 e - 52 stones (quivered)
 l - 6 needles of confusion
Jewellery
 o - a ring of flight (right tentacle)
 p - a ring of magical power (left tentacle)
Scrolls
 d - a scroll of enchant armour
 g - a scroll of fog
 i - 2 scrolls of identify
Potions
 h - a potion of magic
Books
 m - a book of Air

   Spells                             Type                      Level
   a - Shock                          Conjuration/Air              1
   b - Swiftness                      Charms/Air                   2
   c - Static Discharge               Conjuration/Air              3
   d - Airstrike                      Air                          4
   e - Lightning Bolt                 Conjuration/Air              5
Comestibles
 b - 2 bread rations
 c - a chunk of flesh
 f - 3 meat rations
 j - 2 fruits


   Skills:
 - Level 2.4 Fighting
 - Level 2.0 Dodging
 - Level 5.2 Stealth
 - Level 2.9 Spellcasting
 - Level 1.9 Conjurations
 + Level 5.2 Air Magic


You had 4 spell levels left.
You knew the following spells:

 Your Spells              Type           Power        Failure   Level  Hunger
d - Static Discharge      Conj/Air       ###.....     12%         3    ###....
z - Shock                 Conj/Air       ###.         3%          1    None
W - Swiftness             Chrm/Air       ##......     9%          2    ##.....


Dungeon Overview and Level Annotations

Branches:
Dungeon (5/15)
 Temple: D:4-7

Altars:
Makhleb
Uskayaw
The Shining One

Annotations:
D:3 exclusion: downstairs, Ijyb
D:4 exclusions: hippogriff, hound and worm


Innate Abilities, Weirdness & Mutations

You cannot wear most types of armour.
You are very stealthy in the water. (Stealth+)
You are amphibious.
You can wear up to eight rings at the same time.
You can use your tentacles to constrict eight enemies at once.
Your skin changes colour to match your surroundings (Stealth+).
Your rubbery body absorbs attacks. (AC +1, EV +1)


Message History

You see here a chunk of flesh.
c - a chunk of flesh
* * * LOW HITPOINT WARNING * * *
You feel sick.
You feel your anger subside.
You are no longer berserk.
You are exhausted.
You feel yourself slow down.
* * * LOW HITPOINT WARNING * * *
You feel sick.
You see here a water moccasin corpse.
There is a lethal amount of poison in your body!
Okay, then.
There is a lethal amount of poison in your body!
Unknown command.
As you read the scroll labeled FASHIMER DONGANI, it crumbles to dust.
You feel blessed for a moment.
It was a scroll of remove curse.
* * * LOW HITPOINT WARNING * * *
You feel sick.
Okay, then.
Are you sure you want to abandon this character and quit the game? (Confirm with "yes".)

##..#.# #..#.# ######
###### #..#.# #....#
.....# #..#.# #....#
.....## ##..#.# #....#
....... ....#.# #....#
.....# ##.##.# #....#
.....#
......####....####.....#
##.#.....'......@'.....+
#.#.#####....####....$#
#.#.# #....# ...$.#
#[#.# #....# .....#
#.#.# #....# ######
..#.# #....# ###.#
###### ..


There were no monsters in sight!

Vanquished Creatures
  A water moccasin (D:5)
  A scorpion (D:5)
  2 hounds
  Jessica (D:3)
  A worker ant (D:4)
  A hound skeleton (D:4)
  5 adders
  A worm (D:2)
  3 dart slugs
  4 orcs (D:3)
  A ball python (D:2)
  4 bats
  3 giant cockroaches
  5 goblins
  9 hobgoblins
  4 jackals (D:1)
  A quokka (D:3)
  5 frilled lizards
  7 kobolds
  8 rats
67 creatures vanquished.

Notes
Turn   | Place    | Note
-------+----------+-------------------------------------------
     0 | D:1      | tidbits the Octopode Air Elementalist began the quest for the Orb.
     0 | D:1      | Reached XP level 1. HP: 11/11 MP: 3/3
   242 | D:1      | Reached skill level 1 in Fighting
   349 | D:1      | Reached XP level 2. HP: 18/18 MP: 1/5
   353 | D:1      | Learned a level 2 spell: Swiftness
   987 | D:1      | Reached XP level 3. HP: 24/24 MP: 4/6
  1700 | D:2      | Reached XP level 4. HP: 21/29 MP: 4/7
  2296 | D:3      | Noticed Ijyb
  2468 | D:3      | Found a burning altar of Makhleb.
  2470 | D:3      | Noticed a green death
  2474 | D:3      | Noticed a hellwing
  2474 | D:3      | Noticed a smoke demon
  2476 | D:3      | Became a worshipper of Makhleb the Destroyer
  2595 | D:3      | Noticed Jessica
  2611 | D:3      | Killed Jessica
  2611 | D:3      | Reached skill level 5 in Stealth
  2876 | D:3      | Reached XP level 5. HP: 33/34 MP: 6/8
  3035 | D:3      | Found a glowing golden altar of the Shining One.
  3369 | D:3      | Learned a level 3 spell: Static Discharge
  3431 | D:4      | Noticed a hippogriff
  3520 | D:4      | Noticed a dagger
  3752 | D:4      | Noticed a dagger
  3753 | D:4      | Found a hide-covered altar of Uskayaw.
  3938 | D:5      | Entered Level 5 of the Dungeon
  3946 | D:5      | Reached XP level 6. HP: 12/41 MP: 9/10
  4393 | D:5      | Noticed a water moccasin
  4402 | D:5      | Killed a water moccasin
  4402 | D:5      | Reached skill level 5 in Air Magic
  4411 | D:5      | Quit the game

Vault maps used:
D:1:      nicolae_arrival_somewhat_less_tricky_arrival
D:2:      first_bread
D:3:      nicolae_overflow_crystal_walls, grunt_ministairs_8,
          kennysheep_decorative_pillar, makhleb_altar_promises_db, uniq_jessica,
          uniq_ijyb
D:4:      dancing_weapons_uskayaw, minmay_temple_entry_junction_2
D:5:      uniq_grinder

Skill      XL: |  1  2  3  4  5  6 |
---------------+-------------------+-----
Fighting       | 1 2 |  2.4
Stealth        | 3 5 |  5.2
Air Magic      | 5 |  5.2
Dodging        | |  2.0
Spellcasting   | |  2.9
Conjurations   | |  1.9

Action                   |  1- 3 |  4- 6 || total
-------------------------+-------+-------++-------
Melee: Unarmed           |    11 |       ||    11
       Constrict         |     7 |    19 ||    26
       Dagger            |    10 |    79 ||    89
       Tentacles         |     2 |    14 ||    16
 Cast: Shock             |    53 |    31 ||    84
       Static Discharge  |       |     7 ||     7
  Use: Scroll            |     1 |     5 ||     6
       Potion            |       |     2 ||     2
 Stab: Sleeping          |     5 |     9 ||    14
  Eat: Chunk             |     2 |     9 ||    11
       Fruit             |       |     1 ||     1
Armor: Skin              |     2 |    20 ||    22
Dodge: Dodged            |    18 |    41 ||    59
